[Event "45th Olympiad 2024"]
[Site "Budapest HUN"]
[Date "2024.09.18"]
[Round "7.1"]
[White "Gukesh, D"]
[Black "Wei, Yi"]
[Result "1-0"]
[WhiteElo "2764"]
[BlackElo "2762"]
[ECO "B50"]
[Opening "Sicilian"]
[TimeControl "40/5400+30:1800+30"]
[EventDate "2024.09.11"]
[Board "1"]
[WhiteFideId "46616543"]
[BlackFideId "8603405"]
[WhiteTeam "India"]
[BlackTeam "China"]

1. e4 c5 2. Nf3 d6 3. Nc3 Nf6 4. Be2 e5 5. Bc4 Be7 6. d3 Nc6 7. Bg5 O-O 8.
Bxf6 Bxf6 9. Nd5 Be6 10. Qd2 a6 11. O-O b5 12. Bb3 Kh8 13. a3 Rb8 14. h3 g6
15. c3 Bg7 16. Ba2 f5 17. Ng5 Bg8 18. exf5 gxf5 19. f4 c4 20. dxc4 bxc4 21.
Bxc4 exf4 22. Nf3 Na5 23. Ba2 Nb3 24. Bxb3 Rxb3 25. Nxf4 Qb6+ 26. Rf2 Rb8
27. Rd1 Rxb2 28. Qxb2 Qxb2 29. Rxb2 Rxb2 30. Rxd6 a5 31. Rd8 Bxc3 32. Nd5
Rb1+ 33. Kf2 Rd1 34. Rxg8+ Kxg8 35. Nxc3 Rc1 36. Nb5 Rc2+ 37. Kf1 Kf7 38.
Nfd4 Rc1+ 39. Ke2 Kf6 40. Nd6 Rc3 41. N6b5 Rc1 42. Ke3 Rg1 43. Kf2 Rc1 44.
Ne2 Rb1 45. Nbc3 Rb3 46. a4 Ke5 47. g3 Rb6 48. Ke3 Rb4 49. Kd3 h6 50. Ke3
Rb3 51. Kd3 Rb4 52. Ng1 Rb8 53. Nf3+ Kf6 54. Nd4 Rd8 55. Ke3 Rc8 56. Kd3
Rd8 57. Ne2 Rb8 58. Nf4 Rb1 59. Nd5+ Ke5 60. Nc3 Rh1 61. Nf3+ Kd6 62. h4
Rh3 63. Ne2 f4 64. Nfg1 Rh1 65. gxf4 Rxh4 66. Nf3 Rh1 67. f5 h5 68. Nc3 h4
69. Ne4+ Kd7 70. Ne5+ Kd8 71. f6 h3 72. f7 Rf1 73. Ng5 h2 74. Ngf3 Ke7 75.
Nxh2 Ra1 76. Nhg4 Ra3+ 77. Kd2 Rxa4 78. Nh6 Ra2+ 79. Ke3 Ra3+ 80. Ke4 1-0

[Event "45th Olympiad 2024"]
[Site "Budapest HUN"]
[Date "2024.09.18"]
[Round "7.1"]
[White "Erigaisi, Arjun"]
[Black "Bu, Xiangzhi"]
[Result "1/2-1/2"]
[WhiteElo "2778"]
[BlackElo "2693"]
[ECO "C42"]
[Opening "Petrov"]
[Variation "Nimzovich attack"]
[TimeControl "40/5400+30:1800+30"]
[EventDate "2024.09.11"]
[Board "3"]
[WhiteFideId "35009192"]
[BlackFideId "8601445"]
[WhiteTeam "India"]
[BlackTeam "China"]

1. e4 e5 2. Nf3 Nf6 3. Nxe5 d6 4. Nf3 Nxe4 5. Nc3 Nxc3 6. dxc3 Be7 7. Be3
O-O 8. Qd2 Nd7 9. O-O-O Nf6 10. Bd3 Re8 11. h3 Bd7 12. Rhe1 c5 13. Bg5 h6
14. Bxf6 Bxf6 15. Be4 Qa5 16. a3 Rab8 17. Qf4 b5 18. Rxd6 b4 19. Rxf6 bxc3
20. bxc3 Qxc3 21. Rd6 Qxa3+ 22. Kd2 Qa5+ 23. Kc1 Qa1+ 24. Kd2 Qa5+ 25. Kc1
Qa1+ 26. Kd2 Qa5+ 1/2-1/2

[Event "45th Olympiad 2024"]
[Site "Budapest HUN"]
[Date "2024.09.18"]
[Round "7.1"]
[White "Wang, Yue"]
[Black "Harikrishna, Pentala"]
[Result "1/2-1/2"]
[WhiteElo "2637"]
[BlackElo "2686"]
[ECO "C50"]
[Opening "Giuoco Piano"]
[TimeControl "40/5400+30:1800+30"]
[EventDate "2024.09.11"]
[Board "4"]
[WhiteFideId "8601429"]
[BlackFideId "5007003"]
[WhiteTeam "China"]
[BlackTeam "India"]

1. e4 e5 2. Nf3 Nc6 3. Bc4 Bc5 4. O-O Nf6 5. d3 d6 6. c3 a6 7. a4 Ba7 8.
Nbd2 O-O 9. h3 Ne7 10. Re1 Ng6 11. d4 h6 12. Bb3 Re8 13. Bc2 b5 14. Nf1 Bd7
15. Ng3 c5 16. axb5 axb5 17. Be3 Qc7 18. dxe5 dxe5 19. Nf5 Bxf5 20. exf5
Ne7 21. Nd2 Ned5 22. Be4 Nxe3 23. Rxe3 Rad8 24. Qc2 c4 25. Ree1 Rd6 26. Nf3
Red8 27. Rf1 Nd7 28. Rae1 Nc5 29. Re2 Nd3 30. g3 Qb6 31. Kg2 b4 32. cxb4
Qxb4 33. Qc3 Qc5 34. Bxd3 cxd3 35. Qxc5 Bxc5 36. Rxe5 Bd4 37. Nxd4 Rxd4 38.
Rb5 Rc4 39. Rd1 Rc2 40. Kf3 g6 41. fxg6 fxg6 42. Rb7 Rf8+ 43. Ke3 Rcxf2 44.
Rxd3 R2f3+ 45. Ke4 Rxd3 46. Kxd3 Rf3+ 47. Kc4 Rxg3 48. b4 Rxh3 49. b5 Rh1
50. Rd7 Rb1 51. Kc5 Rc1+ 52. Kd6 Rb1 53. Kc5 Rc1+ 54. Kd6 Rb1 55. Kc6 Rc1+
56. Kd6 1/2-1/2

[Event "45th Olympiad 2024"]
[Site "Budapest HUN"]
[Date "2024.09.18"]
[Round "7.2"]
[White "Stremavicius, Titas"]
[Black "Rapport, Richard"]
[Result "1/2-1/2"]
[WhiteElo "2527"]
[BlackElo "2715"]
[ECO "A46"]
[Opening "Queen's pawn game"]
[TimeControl "40/5400+30:1800+30"]
[EventDate "2024.09.11"]
[Board "1"]
[WhiteFideId "12804444"]
[BlackFideId "738590"]
[WhiteTeam "Lithuania"]
[BlackTeam "Hungary"]

1. d4 Nf6 2. Nf3 d6 3. Nc3 Bf5 4. Nh4 Bd7 5. Nf3 d5 6. Qd3 e6 7. e4 dxe4 8.
Nxe4 Nxe4 9. Qxe4 Bc6 10. Qd3 Nd7 11. Be2 h6 12. O-O Bd6 13. Re1 Qf6 14. b3
O-O-O 15. Bb2 Qf4 16. g3 Qe4 17. Qxe4 Bxe4 18. Rac1 Rhe8 19. Nd2 Bg6 20.
Nc4 Bb4 21. Red1 Be4 22. a3 Be7 23. Re1 g6 24. Bf1 Bf3 25. Nd2 Bc6 26. Nc4
Bf6 27. Rcd1 Bf3 28. Be2 Bxe2 29. Rxe2 Nb8 30. Rd3 Bg7 31. Rf3 Re7 32. c3
Nc6 33. a4 Rd5 34. b4 a6 35. Ne3 Rdd7 36. b5 Na7 37. bxa6 bxa6 38. Ba3 Re8
1/2-1/2

[Event "45th Olympiad 2024"]
[Site "Budapest HUN"]
[Date "2024.09.18"]
[Round "7.2"]
[White "Leko, Peter"]
[Black "Pultinevicius, Paulius"]
[Result "1-0"]
[WhiteElo "2666"]
[BlackElo "2587"]
[ECO "B30"]
[Opening "Sicilian"]
[Variation "Nimzovich-Rossolimo attack (without ...d6)"]
[TimeControl "40/5400+30:1800+30"]
[EventDate "2024.09.11"]
[Board "2"]
[WhiteFideId "703303"]
[BlackFideId "12809390"]
[WhiteTeam "Hungary"]
[BlackTeam "Lithuania"]

1. e4 c5 2. Nf3 Nc6 3. Bb5 e6 4. Bxc6 bxc6 5. b3 Ne7 6. Bb2 d6 7. e5 d5 8.
d3 Qb6 9. Nc3 Ng6 10. O-O c4 11. Na4 Qc7 12. d4 Ba6 13. Re1 c5 14. Nxc5
Bxc5 15. dxc5 Qxc5 16. a4 d4 17. Ba3 Qd5 18. Qxd4 Qxd4 19. Nxd4 cxb3 20.
Nxb3 O-O-O 21. Bd6 f6 22. Nc5 fxe5 23. Red1 1-0

[Event "45th Olympiad 2024"]
[Site "Budapest HUN"]
[Date "2024.09.18"]
[Round "7.2"]
[White "Kazakouski, Valery"]
[Black "Berkes, Ferenc"]
[Result "1/2-1/2"]
[WhiteElo "2577"]
[BlackElo "2605"]
[ECO "A11"]
[Opening "English"]
[Variation "Caro-Kann defensive system"]
[TimeControl "40/5400+30:1800+30"]
[EventDate "2024.09.11"]
[Board "3"]
[WhiteFideId "13507443"]
[BlackFideId "718572"]
[WhiteTeam "Lithuania"]
[BlackTeam "Hungary"]

1. c4 c6 2. Nf3 d5 3. g3 g6 4. Qa4 e6 5. Bg2 Bg7 6. O-O Nf6 7. d3 O-O 8.
Qc2 Re8 9. Bf4 Nbd7 10. cxd5 exd5 11. Nc3 Nc5 12. b4 Ne6 13. Be5 Bf8 14.
Rab1 Ng4 15. e3 Nxe5 16. Nxe5 d4 17. Ne4 Nc7 18. Nc4 Rb8 19. a3 a6 20. Ned2
dxe3 21. fxe3 Nd5 22. e4 Nb6 23. Na5 Bg7 24. Ndb3 Na4 25. Kh1 Nc3 26. Rbe1
Nb5 27. Qf2 Re7 28. d4 Nxa3 29. e5 Be6 30. Nc5 Bd5 31. Re3 Nb5 32. Nab3
Nxd4 33. Nxd4 Bxg2+ 34. Kxg2 Qxd4 35. e6 Qd5+ 36. Kh3 fxe6 37. Qe2 Rbe8 38.
Rff3 a5 39. Rd3 Qh5+ 40. Kg2 axb4 41. Qc2 Qe5 42. Qc4 Ra8 43. h4 h6 44. Rd2
b5 45. Qxb4 Rf8 46. Nd3 c5 47. Nxe5 cxb4 48. Nxg6 Rxf3 49. Nxe7+ Kf7 50.
Kxf3 Kxe7 51. Rd3 Bc3 52. Ke4 Be1 53. Re3 Bd2 54. Rf3 Bc3 55. g4 Bf6 56.
Rh3 b3 57. Rxb3 Bxh4 58. Rxb5 Kf6 59. Rb8 Bg3 60. Rf8+ Kg6 61. Rf3 Bc7 62.
Rh3 Kg5 63. Kf3 Bd6 64. Rh5+ Kg6 65. Ke4 Bg3 66. Kd4 Bd6 67. Kc4 Bf4 68.
Kc5 Kf6 69. Kd4 1/2-1/2

[Event "45th Olympiad 2024"]
[Site "Budapest HUN"]
[Date "2024.09.18"]
[Round "7.2"]
[White "Gledura, Benjamin"]
[Black "Laurusas, Tomas"]
[Result "1/2-1/2"]
[WhiteElo "2628"]
[BlackElo "2569"]
[ECO "D16"]
[Opening "QGD Slav"]
[Variation "Soultanbeieff variation"]
[TimeControl "40/5400+30:1800+30"]
[EventDate "2024.09.11"]
[Board "4"]
[WhiteFideId "712779"]
[BlackFideId "12803731"]
[WhiteTeam "Hungary"]
[BlackTeam "Lithuania"]

1. c4 c6 2. d4 d5 3. Nf3 Nf6 4. Nc3 dxc4 5. a4 e6 6. e4 Bb4 7. Bxc4 Nxe4 8.
O-O Nf6 9. Qe2 Nbd7 10. Rd1 Nb6 11. Bb3 Nbd5 12. Nxd5 Nxd5 13. Ne5 O-O 14.
Bc2 f5 15. Rd3 Bd7 16. Rg3 Be7 17. Bd2 Bf6 18. Re1 Rc8 19. Bb3 Rc7 20. a5
Bc8 21. Rh3 Re8 22. Qh5 g6 23. Qh6 Rg7 24. Rg3 Rf8 25. Nf3 f4 26. Rh3 Be7
27. Re5 Bf6 28. Ng5 Bxe5 29. dxe5 Rf5 30. Nxh7 Rxe5 31. Bc2 Rh5 32. Rxh5
gxh5 33. Bg6 Qe7 34. Qxh5 c5 35. h4 Bd7 36. Ng5 Qf6 37. Bh7+ Kf8 38. Be4
Ke7 39. Nxe6 Bxe6 40. Bxd5 Bxd5 41. Qxd5 Qxb2 42. Qxc5+ Kf7 43. Qc4+ Ke8
44. Qxf4 Qb5 45. Qb8+ Kd7 46. Bf4 Qc6 47. Bg5 Rf7 48. Qxa7 Rf5 49. Qe3 Qd5
50. Qe7+ Kc6 51. Be3 Qd1+ 52. Kh2 Rxa5 53. Bf4 Qd5 54. Qe8+ Kb6 55. Qg6+
Kb5 56. h5 Ra4 57. Qe8+ Ka5 58. Bc7+ Kb4 59. h6 Ra6 60. Qe7+ Kb3 61. Qh4
Qf7 62. Qh3+ Ka2 63. Be5 Qh7 64. Bg7 Rg6 65. Qh4 b5 66. g3 Rxg7 67. hxg7
Qxg7 68. Qb4 Qe5 69. Kg1 Qd5 70. Kh2 1/2-1/2

[Event "45th Olympiad 2024"]
[Site "Budapest HUN"]
[Date "2024.09.18"]
[Round "7.3"]
[White "Maghsoodloo, Parham"]
[Black "Le, Quang Liem"]
[Result "1/2-1/2"]
[WhiteElo "2723"]
[BlackElo "2741"]
[ECO "C65"]
[Opening "Ruy Lopez"]
[Variation "Berlin defence"]
[TimeControl "40/5400+30:1800+30"]
[EventDate "2024.09.11"]
[Board "1"]
[WhiteFideId "12539929"]
[BlackFideId "12401137"]
[WhiteTeam "Iran"]
[BlackTeam "Vietnam"]

1. e4 e5 2. Nf3 Nc6 3. Bb5 Nf6 4. d3 Bc5 5. Bxc6 dxc6 6. Nbd2 Nd7 7. O-O
O-O 8. Nc4 Re8 9. a4 a5 10. Kh1 b6 11. Be3 Bb4 12. Rg1 b5 13. Na3 Ba6 14.
Nb1 Bb7 15. Nfd2 Nb6 16. b3 Qd7 17. Qe2 Nc8 18. f3 Ne7 19. Qf2 Ng6 20. Nf1
Nf4 21. Ng3 g6 22. d4 Bd6 23. Nc3 b4 24. dxe5 Bxe5 25. Rad1 Qe7 26. Nce2
Nxe2 27. Nxe2 Rad8 28. Bc5 Bd6 29. Bxd6 cxd6 30. Qb6 d5 31. Ng3 h5 32. exd5
cxd5 33. h3 Rc8 34. Rge1 Qxe1+ 35. Rxe1 Rxe1+ 36. Kh2 h4 37. Qxb7 hxg3+ 38.
Kxg3 Rxc2 39. Qxd5 Rb1 40. Qd8+ Kg7 41. Qd4+ Kg8 42. Qd8+ 1/2-1/2

[Event "45th Olympiad 2024"]
[Site "Budapest HUN"]
[Date "2024.09.18"]
[Round "7.3"]
[White "Daneshvar, Bardiya"]
[Black "Le, Tuan Minh"]
[Result "1/2-1/2"]
[WhiteElo "2598"]
[BlackElo "2564"]
[ECO "A13"]
[Opening "English opening"]
[TimeControl "40/5400+30:1800+30"]
[EventDate "2024.09.11"]
[Board "3"]
[WhiteFideId "12576468"]
[BlackFideId "12401153"]
[WhiteTeam "Iran"]
[BlackTeam "Vietnam"]

1. c4 e6 2. g3 d5 3. Bg2 dxc4 4. Qa4+ c6 5. Qxc4 b5 6. Qc2 Nf6 7. a4 b4 8.
b3 Be7 9. Bb2 Bb7 10. d3 O-O 11. Nd2 Qd7 12. Ngf3 c5 13. Ne5 Qc7 14. Bxb7
Qxb7 15. O-O Nfd7 16. Rac1 Nxe5 17. Bxe5 Nc6 18. Bb2 Rac8 19. Qc4 Rfd8 20.
Qg4 Bf8 21. Nc4 Qe7 22. h4 g6 23. Qg5 Bg7 24. Qxe7 Nxe7 25. Rc2 Nc6 26.
Rfc1 f5 27. f4 Bxb2 28. Rxb2 Kg7 29. Kf2 Kf6 30. Nd2 Rd5 31. Nf3 h6 32.
Rbc2 Na5 33. Rb1 Nc6 34. Rbc1 Na5 35. Rb2 Nc6 36. Rc4 Na5 37. Rcc2 Nc6 38.
Rc1 Kg7 39. h5 gxh5 40. Rh1 Kg6 41. Nh4+ Kg7 42. Ng2 Kg6 43. Rbb1 Kg7 44.
Ne3 Rd7 45. Rxh5 Ne7 46. Rbh1 Rh8 47. Rc1 Rc7 48. g4 Rf8 49. Rg1 fxg4 50.
Nxg4 Rxf4+ 51. Ke3 Rd4 52. Kd2 Rd5 53. Nxh6+ Kf8 54. Rh4 Rd4 55. Rh3 Rf4
56. Rg5 Ke8 57. Ng4 Nc6 58. Ne5 Na5 59. Kc2 Nb7 60. Rh6 Nd8 61. Ng6 Rf5 62.
Rh8+ Kd7 63. Ne5+ Kd6 64. Nc4+ Kd7 65. Rxf5 exf5 66. Ne3 Nc6 67. Rh7+ Kd8
68. Rh8+ Kd7 69. Nxf5 Ke6 70. Rh5 Rf7 71. e4 Rf6 72. Rg5 Ke5 73. Kd2 Kf4
74. Rg1 Na5 75. Kc2 Rf8 76. Rf1+ Ke5 77. Rf2 Nc6 78. Rh2 Rg8 79. Kb2 Rg1
80. Rc2 Kf4 81. Rf2+ Ke5 82. Rc2 Kf4 83. Rf2+ 1/2-1/2

[Event "45th Olympiad 2024"]
[Site "Budapest HUN"]
[Date "2024.09.18"]
[Round "7.3"]
[White "Banh, Gia Huy"]
[Black "Idani, Pouya"]
[Result "0-1"]
[WhiteElo "2425"]
[BlackElo "2599"]
[ECO "D02"]
[Opening "Queen's bishop game"]
[TimeControl "40/5400+30:1800+30"]
[EventDate "2024.09.11"]
[Board "4"]
[WhiteFideId "12424714"]
[BlackFideId "12510130"]
[WhiteTeam "Vietnam"]
[BlackTeam "Iran"]

1. d4 d5 2. Nf3 Nf6 3. Bf4 c5 4. e3 Nc6 5. Nbd2 cxd4 6. exd4 a6 7. Nb3 Bg4
8. h3 Bxf3 9. Qxf3 e6 10. c3 Bd6 11. Bd3 Bxf4 12. Qxf4 O-O 13. O-O Nd7 14.
Rfe1 Re8 15. Re3 Rc8 16. Rae1 Ne7 17. Rf3 Rf8 18. Rg3 Ng6 19. Bxg6 hxg6 20.
h4 Nf6 21. Rh3 Qc7 22. Qg5 Ne4 23. Qe3 Rce8 24. h5 g5 25. f3 g4 26. fxg4 f5
27. Nd2 fxg4 28. Rh4 Nxd2 29. Qxd2 Qg3 30. Rh1 e5 31. Re3 Qf4 32. Qe2 Qg5
33. dxe5 Rf5 34. Rg3 Qc1+ 35. Kh2 Rxh5+ 36. Rh3 Qf4+ 37. Kg1 Rexe5 0-1

[Event "45th Olympiad 2024"]
[Site "Budapest HUN"]
[Date "2024.09.18"]
[Round "7.4"]
[White "Abdusattorov, Nodirbek"]
[Black "Volokitin, Andrei"]
[Result "1-0"]
[WhiteElo "2766"]
[BlackElo "2660"]
[ECO "B90"]
[Opening "Sicilian"]
[Variation "Najdorf, Lipnitzky attack"]
[TimeControl "40/5400+30:1800+30"]
[EventDate "2024.09.11"]
[Board "1"]
[WhiteFideId "14204118"]
[BlackFideId "14107090"]
[WhiteTeam "Uzbekistan"]
[BlackTeam "Ukraine"]

1. e4 c5 2. Nf3 d6 3. d4 cxd4 4. Nxd4 Nf6 5. Nc3 a6 6. Bc4 e6 7. Be3 Be7 8.
Bb3 b5 9. a3 O-O 10. Qe2 Bb7 11. f3 Nbd7 12. O-O-O Nc5 13. Ba2 Qa5 14. Qe1
b4 15. axb4 Qxb4 16. Nd5 Nxd5 17. exd5 Qa4 18. Kb1 Bxd5 19. Bxd5 exd5 20.
Nf5 Bf6 21. Bd4 Rfe8 22. Qc3 Nd7 23. b3 Qa3 24. Bxf6 Nxf6 25. Rxd5 a5 26.
Rhd1 a4 27. Ra5 d5 28. Rd4 Rac8 29. Qd2 Rc4 30. bxc4 1-0

[Event "45th Olympiad 2024"]
[Site "Budapest HUN"]
[Date "2024.09.18"]
[Round "7.4"]
[White "Ivanchuk, Vasyl"]
[Black "Yakubboev, Nodirbek"]
[Result "1/2-1/2"]
[WhiteElo "2635"]
[BlackElo "2666"]
[ECO "C53"]
[Opening "Giuoco Piano"]
[TimeControl "40/5400+30:1800+30"]
[EventDate "2024.09.11"]
[Board "2"]
[WhiteFideId "14100010"]
[BlackFideId "14203987"]
[WhiteTeam "Ukraine"]
[BlackTeam "Uzbekistan"]

1. e4 e5 2. Nf3 Nc6 3. Bc4 Bc5 4. c3 Nf6 5. d3 a5 6. Nbd2 O-O 7. O-O d6 8.
h3 h6 9. Re1 Be6 10. Bb5 Nd7 11. Nf1 d5 12. Ng3 Re8 13. Be3 Bf8 14. Qc2
dxe4 15. dxe4 Na7 16. Ba4 c5 17. c4 Qc7 18. b3 Red8 19. Ne2 Nb6 20. Nc3
Nxa4 21. Nxa4 Nc6 22. Nxc5 Bxh3 23. gxh3 Nb4 24. Qc3 Bxc5 25. Bxc5 Qxc5 26.
Nxe5 f6 27. a3 fxe5 28. axb4 axb4 29. Rxa8 Rxa8 30. Qd2 Qe7 31. Rd1 Rf8 32.
Qe3 Rf4 33. f3 Qe6 34. Kg2 Rh4 35. Rh1 Kh7 36. Qf2 Rf4 37. Rd1 Rf6 38. Qe3
Qe7 39. Kh2 Qf7 40. Rd3 Qh5 41. Qf2 Qg5 42. Qe3 Qh5 43. Qf2 b6 44. Qe3 Qh4
45. Rd2 Rg6 46. Rg2 Rd6 47. Rd2 Rf6 48. Rg2 Qh5 49. Kg3 Qg6+ 50. Kh2 Qf7
51. Rf2 Qf8 52. Kg2 Rg6+ 53. Kh2 Rf6 54. Kg2 Qe7 55. Rd2 h5 56. Kh2 Qf7 57.
Rf2 Rf4 58. Kg2 Qg6+ 59. Kh2 Qf6 60. Kg2 Qe6 61. Kg3 h4+ 62. Kh2 Qg6 63.
Rg2 Qf6 64. Rf2 Qg5 65. Rg2 Qd8 66. Rg1 Qf6 67. Rf1 Qd6 68. Rg1 Qf6 69. Rf1
Qg6 70. Rg1 Qf6 71. Rf1 1/2-1/2

[Event "45th Olympiad 2024"]
[Site "Budapest HUN"]
[Date "2024.09.18"]
[Round "7.4"]
[White "Sindarov, Javokhir"]
[Black "Ponomariov, Ruslan"]
[Result "1-0"]
[WhiteElo "2677"]
[BlackElo "2654"]
[ECO "B11"]
[Opening "Caro-Kann"]
[Variation "two knights, 3...Bg4"]
[TimeControl "40/5400+30:1800+30"]
[EventDate "2024.09.11"]
[Board "3"]
[WhiteFideId "14205483"]
[BlackFideId "14103320"]
[WhiteTeam "Uzbekistan"]
[BlackTeam "Ukraine"]

1. e4 c6 2. Nf3 d5 3. Nc3 Bg4 4. h3 Bxf3 5. Qxf3 e6 6. Be2 Bc5 7. Qg3 Bd4
8. exd5 exd5 9. O-O Nd7 10. Bd1 Ne7 11. Ne2 Be5 12. Qf3 d4 13. c3 Nc5 14.
Re1 Qd6 15. d3 Ne6 16. cxd4 Bxd4 17. Nxd4 Qxd4 18. Bb3 O-O 19. Re4 Qd7 20.
Bxe6 fxe6 21. Qe2 Nd5 22. Bd2 Rad8 23. Rxe6 Rfe8 24. Rxe8+ Rxe8 25. Qf3 Qc7
26. Re1 Rxe1+ 27. Bxe1 Qf4 28. Qe2 h6 29. Bd2 Qf6 30. Qe8+ Kh7 31. Qe4+ Kg8
32. Qe8+ Kh7 33. Qe4+ Kg8 34. Bc1 Kf7 35. Kf1 a6 36. Ke2 Qd6 37. Be3 Nf6
38. Qf4 Qxf4 39. Bxf4 Ke6 40. Bd2 Nd5 41. g4 Kf7 42. h4 Nf6 43. Kf3 h5 44.
gxh5 Nxh5 45. Bc3 g6 46. Kg4 Ke6 47. f4 Nf6+ 48. Bxf6 Kxf6 49. b4 b6 50. d4
1-0

[Event "45th Olympiad 2024"]
[Site "Budapest HUN"]
[Date "2024.09.18"]
[Round "7.5"]
[White "Predke, Alexandr"]
[Black "Giri, Anish"]
[Result "1/2-1/2"]
[WhiteElo "2671"]
[BlackElo "2724"]
[ECO "C19"]
[Opening "French"]
[Variation "Winawer, advance, poisoned pawn variation"]
[TimeControl "40/5400+30:1800+30"]
[EventDate "2024.09.11"]
[Board "1"]
[WhiteFideId "24107581"]
[BlackFideId "24116068"]
[WhiteTeam "Serbia"]
[BlackTeam "Netherlands"]

1. e4 e6 2. d4 d5 3. Nc3 Bb4 4. e5 c5 5. Qg4 Ne7 6. a3 Bxc3+ 7. bxc3 Qc7 8.
Qxg7 Rg8 9. Qxh7 cxd4 10. Qd3 Qxe5+ 11. Ne2 dxc3 12. Qxc3 Qxc3+ 13. Nxc3
Nbc6 14. Nb5 Kd7 15. Bb2 e5 16. O-O-O d4 17. f4 a6 18. Nc3 Kc7 19. Ne4 exf4
20. Bxd4 Rd8 21. Bb2 Rxd1+ 22. Kxd1 Nd5 23. Kc1 Bf5 24. Bd3 Rg8 25. Nf6
Nxf6 26. Bxf5 Rg5 27. Bd3 Ne5 28. h4 Nxd3+ 29. cxd3 Rf5 30. Bxf6 Rxf6 31.
h5 Rh6 32. Kd2 Kd6 33. Ke2 Ke5 34. Kf3 Rd6 35. Rd1 Rd4 36. h6 Kf6 37. Rh1
Rxd3+ 38. Kxf4 Rd4+ 39. Ke3 Rd8 40. Rb1 b5 41. a4 Rb8 42. axb5 axb5 43. Rh1
b4 44. Kd3 b3 45. Kc3 b2 46. Kc2 Kg6 47. h7 Kg7 48. h8=Q+ Rxh8 49. Rxh8
Kxh8 50. Kxb2 Kg7 51. Kc3 Kf6 52. Kd4 Kf5 53. Kd5 Kf4 54. Kd6 Kg3 55. Ke7
f5 56. Kf6 Kxg2 57. Kxf5 1/2-1/2

[Event "45th Olympiad 2024"]
[Site "Budapest HUN"]
[Date "2024.09.18"]
[Round "7.5"]
[White "Van Foreest, Jorden"]
[Black "Sarana, Alexey"]
[Result "1/2-1/2"]
[WhiteElo "2696"]
[BlackElo "2713"]
[ECO "D78"]
[Opening "Neo-Gruenfeld, 6.O-O c6"]
[TimeControl "40/5400+30:1800+30"]
[EventDate "2024.09.11"]
[Board "2"]
[WhiteFideId "1039784"]
[BlackFideId "24133795"]
[WhiteTeam "Netherlands"]
[BlackTeam "Serbia"]

1. Nf3 d5 2. g3 g6 3. Bg2 Bg7 4. d4 c6 5. O-O Nf6 6. c4 O-O 7. a4 dxc4 8.
Na3 Na6 9. Nxc4 Be6 10. b3 Bd5 11. Ba3 Rc8 12. Rc1 Nc7 13. e3 Nce8 14. Bh3
Rb8 15. Nfe5 Nc7 16. Qe2 Re8 17. Rfd1 Be6 18. Bg2 Nd7 19. Nf3 Nb6 20. Ng5
Bxc4 21. bxc4 e5 22. Nxf7 Kxf7 23. dxe5 Qc8 24. a5 Nd7 25. Bh3 Ne6 26. f4
c5 27. Rd6 Ndf8 28. Bb2 Kg8 29. Bg2 Qc7 30. g4 Nxf4 31. exf4 Qxd6 32. Bd5+
Kh8 33. Re1 Qc7 34. f5 Rbd8 35. Bc3 h6 36. Qe3 Kh7 37. Kh1 Qe7 38. Qf3 Qh4
39. Re4 Nd7 40. f6 Rf8 41. Qe2 Nxe5 1/2-1/2

[Event "45th Olympiad 2024"]
[Site "Budapest HUN"]
[Date "2024.09.18"]
[Round "7.5"]
[White "Indjic, Aleksandar"]
[Black "Warmerdam, Max"]
[Result "1-0"]
[WhiteElo "2611"]
[BlackElo "2679"]
[ECO "D32"]
[Opening "QGD"]
[Variation "Tarrasch defence"]
[TimeControl "40/5400+30:1800+30"]
[EventDate "2024.09.11"]
[Board "3"]
[WhiteFideId "911925"]
[BlackFideId "1048104"]
[WhiteTeam "Serbia"]
[BlackTeam "Netherlands"]

1. d4 d5 2. c4 e6 3. Nc3 c5 4. e3 Nf6 5. Nf3 a6 6. a3 dxc4 7. Bxc4 b5 8.
Ba2 Bb7 9. O-O Nbd7 10. Qe2 Bd6 11. Rd1 Qb8 12. h3 O-O 13. dxc5 Nxc5 14. b4
Ncd7 15. Bb2 Ne5 16. Nxe5 Bxe5 17. Rd3 Bc6 18. Rad1 a5 19. Bb1 axb4 20.
axb4 Rc8 21. f4 Bc7 22. g4 Bb6 23. g5 Ne4 24. Qg4 Qa7 25. Nxe4 Bxe4 26. Rd7
Bxe3+ 27. Kf1 Qxd7 28. Rxd7 Bxb1 29. Qf3 Ra2 30. Qd1 Raa8 31. Qxb1 Bxf4 32.
h4 1-0

[Event "45th Olympiad 2024"]
[Site "Budapest HUN"]
[Date "2024.09.18"]
[Round "7.5"]
[White "L'ami, Erwin"]
[Black "Ivic, Velimir"]
[Result "0-1"]
[WhiteElo "2628"]
[BlackElo "2599"]
[ECO "E04"]
[Opening "Catalan"]
[Variation "open, 5.Nf3"]
[TimeControl "40/5400+30:1800+30"]
[EventDate "2024.09.11"]
[Board "4"]
[WhiteFideId "1007998"]
[BlackFideId "950122"]
[WhiteTeam "Netherlands"]
[BlackTeam "Serbia"]

1. d4 Nf6 2. c4 e6 3. Nf3 d5 4. g3 dxc4 5. Bg2 a6 6. O-O Nc6 7. e3 Rb8 8.
Nfd2 e5 9. Bxc6+ bxc6 10. dxe5 Nd5 11. Nxc4 Bh3 12. e4 Bxf1 13. Kxf1 Nb4
14. Qxd8+ Rxd8 15. Nc3 Bc5 16. Bg5 Rd7 17. Na4 Ba7 18. Bd2 Nd3 19. f4 g5
20. Bc3 Bd4 21. f5 O-O 22. Ke2 Bxc3 23. bxc3 Re8 24. Rb1 Nxe5 25. Nc5 Rdd8
26. Rb4 a5 27. Ra4 Rd5 28. Nxe5 Rdxe5 29. Rxa5 Rxf5 30. a4 Rxe4+ 31. Kd3
Rg4 32. Ra8+ Kg7 33. Nb3 Rf3+ 34. Kd2 Rf2+ 35. Ke3 Rxh2 36. Kf3 Rc4 37. Nd4
Rxc3+ 38. Ke4 Rc4 39. Kd3 Rc1 40. a5 Ra2 0-1

[Event "45th Olympiad 2024"]
[Site "Budapest HUN"]
[Date "2024.09.18"]
[Round "7.6"]
[White "Martirosyan, Haik M."]
[Black "Vitiugov, Nikita"]
[Result "1-0"]
[WhiteElo "2667"]
[BlackElo "2676"]
[ECO "D37"]
[Opening "QGD"]
[Variation "4.Nf3"]
[TimeControl "40/5400+30:1800+30"]
[EventDate "2024.09.11"]
[Board "1"]
[WhiteFideId "13306553"]
[BlackFideId "4152956"]
[WhiteTeam "Armenia"]
[BlackTeam "England"]

1. d4 Nf6 2. c4 e6 3. Nf3 d5 4. Nc3 dxc4 5. e3 a6 6. a4 c5 7. Bxc4 Nc6 8.
O-O Be7 9. dxc5 Qxd1 10. Rxd1 Bxc5 11. Nd2 Bb4 12. Be2 Na5 13. Rb1 Bd7 14.
Na2 Be7 15. b4 Nc6 16. Nc4 Nd5 17. e4 Nf6 18. Nb6 Rd8 19. b5 axb5 20. axb5
Ne5 21. Nc3 Bc8 22. Bf4 Ng6 23. Bc7 Rxd1+ 24. Rxd1 O-O 25. e5 Nd5 26. Ncxd5
exd5 27. Nxc8 Rxc8 28. b6 Bc5 29. g3 Ne7 30. Bf3 Kf8 31. Ra1 f5 32. Ra5 Bd4
33. Bxd5 Bc3 34. Rc5 Bb4 35. Rc4 1-0

[Event "45th Olympiad 2024"]
[Site "Budapest HUN"]
[Date "2024.09.18"]
[Round "7.6"]
[White "Jones, Gawain C B"]
[Black "Hovhannisyan, Robert"]
[Result "1/2-1/2"]
[WhiteElo "2646"]
[BlackElo "2619"]
[ECO "A21"]
[Opening "English, Kramnik-Shirov counterattack"]
[TimeControl "40/5400+30:1800+30"]
[EventDate "2024.09.11"]
[Board "4"]
[WhiteFideId "409561"]
[BlackFideId "13302507"]
[WhiteTeam "England"]
[BlackTeam "Armenia"]

1. c4 e5 2. Nc3 Bb4 3. Nd5 Be7 4. Nf3 d6 5. g3 Nf6 6. Nc3 c5 7. Bg2 Nc6 8.
d3 h6 9. O-O Be6 10. e4 Qd7 11. Nd5 Bg4 12. Ne3 h5 13. Bd2 Nh7 14. a3 Bg5
15. Nxg4 Bxd2 16. Ngxe5 dxe5 17. Qxd2 O-O-O 18. b4 f6 19. Qe3 Nd4 20. Nxd4
Qxd4 21. Rfd1 h4 22. Qxd4 Rxd4 23. bxc5 hxg3 24. fxg3 Rhd8 25. Bf1 Ng5 26.
Rdb1 Nf3+ 27. Kf2 Nd2 28. Rb4 Nxf1 29. Rxf1 Rxd3 30. Rfb1 Rxa3 31. R1b2 Rd7
32. c6 bxc6 33. Rb8+ Kc7 34. R2b7+ Kd6 35. c5+ Ke7 36. Rxd7+ Kxd7 37. Rb7+
Ke6 38. Rxg7 Ra2+ 39. Kf3 Rxh2 40. Rc7 Rc2 41. Rxc6+ Kf7 42. Kg4 a5 43. Ra6
Kg6 44. Rxa5 Rc3 45. Rb5 Re3 46. Rb4 Rc3 47. Rb5 1/2-1/2